Map: Pillars of Gold LE

Players

Reynor

  • Race: Zerg Zerg
  • Spawn Location: 1:00

Stats - Winner!

  • Race: Protoss Protoss
  • Spawn Location: 7:00

Event: ASUS ROG Online 2020

VOD

Have the link to the VOD?

Description

Time

  • Played on: Nov. 27, 2020, 5:20 p.m.
  • Length: 12:26

All games in this series

Show
View Real Time Build Order
Export as new Build Order

Reynor Zerg 

Build Orders: Pool First 

Get SALT Encoding   

  12  0:00  Drone  
  13  0:08  Drone  
  14  0:26  Spawning Pool  
  13  0:30  Drone  
  14  1:01  Hatchery  
  13  1:04  Overlord  
  13  1:13  Zergling x2  
  13  1:14  Zergling x2, Extractor  
  14  1:19  Extractor  
  14  1:22  Zergling x2  
  16  1:26  Zergling x2  
  17  1:37  Zergling x2  
  18  1:48  Drone  
  19  1:59  Zergling x2  
  20  2:13  Zergling x2  
  20  2:14  Drone  
  22  2:21  Drone  
  22  2:26  Hatchery  
  21  2:31  Overlord  
  21  2:35  Extractor, Queen  
  21  2:52  Drone x2  
  22  3:05  Drone  
  21  3:11  Queen  
  22  3:15  Drone  
  23  3:25  Drone  
  24  3:35  Zergling x2  
  24  3:38  Zergling x2  
  24  3:39  Queen  
  28  3:42  Drone x3  
  28  3:47  Metabolic Boost  
  31  3:54  Overlord  
  31  3:58  Zergling x2  
  31  4:02  Drone  
  33  4:03  Drone  
  33  4:09  Drone  
  35  4:13  Drone  
  38  4:24  Drone x2  
  38  4:27  Overlord  
  38  4:28  Drone x2  
  40  4:33  Drone  
  41  4:42  Hatchery  
  41  4:44  Overlord  
  40  4:46  Drone  
  40  4:49  Drone  
  40  4:51  Drone  
  43  4:53  Drone  
  44  5:02  Spore Crawler  
  44  5:04  Queen  
  44  5:06  Drone  
  46  5:07  Spore Crawler  
  46  5:09  Zergling x2  
  46  5:10  Drone  
  46  5:12  Drone  
  48  5:14  Zergling x4  
  48  5:18  Drone  
  50  5:23  Drone, Evolution Chamber  
  50  5:24  Overlord  
  50  5:26  Drone  
  51  5:35  Overlord  
  51  5:40  Zergling x2  
  53  5:42  Drone  
  53  5:43  Drone  
  53  5:44  Zergling x4  
  53  5:49  Zergling x2  
  56  5:50  Zerg Melee Weapons Level 1  
  56  5:52  Drone  
  56  5:56  Drone x4  
  60  5:59  Zergling x2  
  60  6:02  Drone x2  
  60  6:03  Drone x2  
  64  6:05  Drone  
  64  6:09  Queen  
  67  6:11  Drone  
  67  6:15  Overlord  
  67  6:16  Drone  
  69  6:23  Drone  
  69  6:26  Queen  
  69  6:27  Drone x2  
  69  6:30  Lair  
  73  6:35  Drone x4  
  73  6:38  Extractor  
  73  6:39  Drone x2, Baneling Nest  
  77  6:41  Drone  
  77  6:42  Drone  
  77  6:43  Overlord  
  79  6:49  Roach Warren, Drone  
  79  6:50  Drone  
  79  6:52  Extractor  
  79  6:58  Drone  
  79  6:59  Drone  
  81  7:02  Drone  
  81  7:03  Drone x2  
  81  7:05  Queen  
  86  7:09  Queen, Hatchery  
  86  7:10  Spore Crawler  
  86  7:11  Overlord, Drone  
  86  7:12  Drone  
  89  7:16  Spore Crawler  
  89  7:19  Overlord  
  89  7:21  Drone x2  
  90  7:28  Overlord  
  90  7:31  Queen  
  90  7:33  Zergling x12, Spore Crawler  
  97  7:38  Centrifical Hooks  
  97  7:39  Zergling x8  
  97  7:42  Queen  
  103  7:45  Drone x2  
  103  7:48  Drone x2  
  103  7:49  Drone x2  
  103  7:50  Zergling x2  
  110  7:52  Zergling x2  
  110  7:56  Spawning Pool  
  110  7:58  Baneling  
  110  7:59  Baneling x4  
  110  8:02  Zerg Melee Weapons Level 2  
  110  8:12  Drone x3  
  113  8:13  Overlord, Drone  
  114  8:20  Overlord  
  111  8:28  Drone  
  111  8:31  Overlord  
  111  8:32  Hatchery  
  111  8:33  Hatchery  
  106  8:38  Drone x4  
  103  8:44  Zergling x10  
  106  8:49  Queen  
  106  8:50  Spore Crawler  
  106  8:52  Zergling x2  
  106  8:53  Queen  
  108  8:55  Zergling x4  
  108  8:59  Extractor x2, Drone  
  108  9:00  Hydralisk Den  
  108  9:03  Extractor  
  108  9:05  Queen, Drone  
  108  9:08  Spore Crawler x2, Drone  
  109  9:14  Zergling x2, Drone x4  
  109  9:15  Zergling x4  
  116  9:21  Drone x5  
  120  9:25  Overlord  
  120  9:29  Muscular Augments  
  120  9:31  Zergling x2  
  120  9:32  Zergling x4  
  120  9:34  Zergling x2  
  124  9:39  Hydralisk  
  124  9:40  Hydralisk  
  124  9:42  Zergling x2  
  124  9:43  Overlord  
  128  9:48  Hydralisk x4  
  128  9:49  Zergling x4  
  133  9:52  Hydralisk  
  133  9:55  Extractor  
  133  9:57  Hydralisk x6  
  145  10:00  Queen  
  145  10:04  Hydralisk x2  
  151  10:10  Hydralisk x3  
  151  10:14  Overlord x2  
  157  10:15  Overlord  
  157  10:21  Zerg Missile Weapons Level 1  
  157  10:24  Baneling x6  
  157  10:25  Baneling  
  157  10:32  Zergling x8  
  157  10:33  Zergling x16, Hydralisk  
  157  10:34  Hydralisk  
  173  10:39  Hydralisk x3  
  179  10:46  Zergling x2  
  179  10:47  Zergling x2  
  179  10:48  Overlord x3  
  181  10:52  Baneling x10  
  179  10:58  Hydralisk  
  177  11:07  Hydralisk  
  177  11:08  Zergling x8, Hydralisk x6  
  177  11:11  Zergling x6  
  189  11:13  Zergling x6  
  189  11:16  Zergling x4  
  192  11:19  Queen  
  192  11:21  Zergling x6  
  192  11:22  Zergling x2  
  192  11:24  Zergling x6  
  198  11:28  Baneling x6  
  198  11:29  Baneling x2  
  198  11:30  Zergling x4  
  191  11:43  Zergling x16, Hydralisk  
  191  11:46  Queen  
  179  11:49  Hydralisk x2  
  179  11:52  Hydralisk x2  
  179  11:53  Zergling x2  
  176  11:54  Hydralisk  
  176  11:59  Zergling x2, Hydralisk  
  162  12:04  Zergling x2  
Show
View Real Time Build Order
Export as new Build Order

Stats Protoss - Winner!

Build Orders: Carriers 

Get SALT Encoding   

  12  0:00  Probe  
  13  0:14  Pylon  
  13  0:18  Probe (Chrono Boost)  
  14  0:27  Probe (Chrono Boost)  
  15  0:32  Probe  
  16  0:41  Gateway  
  16  0:44  Probe  
  17  0:50  Assimilator  
  17  0:56  Probe  
  18  1:08  Probe  
  19  1:17  Pylon  
  19  1:21  Probe  
  20  1:27  Zealot (Chrono Boost)  
  20  1:30  Cybernetics Core  
  22  1:33  Probe  
  23  1:45  Zealot, Probe  
  23  1:47  Pylon  
  26  1:56  Pylon  
  26  2:01  Probe  
  27  2:12  Adept (Chrono Boost)  
  29  2:20  Warp Gate  
  29  2:35  Adept  
  31  2:49  Nexus  
  29  3:07  Assimilator  
  29  3:09  Pylon  
  31  3:14  Probe  
  30  3:24  Stargate  
  30  3:26  Probe (Chrono Boost)  
  31  3:38  Probe (Chrono Boost)  
  32  3:43  Probe (Chrono Boost)  
  33  3:53  Probe (Chrono Boost)  
  34  4:00  Void Ray (Chrono Boost)  
  34  4:01  Probe (Chrono Boost)  
  41  4:10  Probe x2 (Chrono Boost)  
  41  4:15  Probe (Chrono Boost)  
  41  4:16  Probe  
  43  4:27  Probe  
  43  4:28  Probe, Nexus  
  43  4:30  Pylon  
  43  4:36  Oracle  
  46  4:40  Probe x2  
  48  4:45  Assimilator  
  48  4:50  Assimilator  
  48  4:52  Probe  
  49  4:53  Probe  
  49  4:56  Adept  
  52  5:03  Pylon  
  52  5:04  Probe  
  52  5:05  Probe  
  54  5:14  Stargate  
  54  5:15  Stargate  
  54  5:16  Probe  
  54  5:19  Probe  
  56  5:28  Probe  
  57  5:33  Probe  
  57  5:34  Adept  
  60  5:39  Pylon  
  60  5:40  Probe  
  59  5:45  Probe (Chrono Boost)  
  60  5:50  Probe (Chrono Boost)  
  60  5:52  Probe (Chrono Boost)  
  62  5:57  Probe (Chrono Boost)  
  62  5:59  Void Ray x3  
  62  6:02  Probe (Chrono Boost)  
  62  6:03  Probe (Chrono Boost)  
  65  6:04  Shield Battery  
  65  6:05  Probe (Chrono Boost)  
  65  6:07  Probe (Chrono Boost)  
  65  6:08  Probe (Chrono Boost)  
  65  6:09  Pylon  
  80  6:11  Probe  
  80  6:17  Probe  
  82  6:18  Probe  
  82  6:23  Probe  
  84  6:26  Pylon  
  84  6:27  Assimilator x2  
  84  6:31  Probe x2  
  86  6:35  Probe, Void Ray x2 (Chrono Boost)  
  86  6:36  Void Ray (Chrono Boost)  
  87  6:43  Probe x2  
  101  6:48  Pylon  
  101  6:57  Pylon  
  101  6:59  Pylon  
  101  7:01  Probe  
  101  7:06  Shield Battery, Probe x2  
  103  7:11  Forge  
  103  7:12  Twilight Council  
  103  7:17  Gateway  
  103  7:18  Gateway  
  103  7:19  Gateway  
  103  7:28  Gateway  
  103  7:30  Gateway  
  103  7:33  Pylon  
  103  7:34  Pylon  
  103  7:35  Gateway x2  
  103  7:36  Charge (Chrono Boost)  
  103  7:39  Probe x3  
  103  7:40  Protoss Ground Weapons Level 1 (Chrono Boost)  
  106  7:51  Zealot  
  108  8:02  Nexus  
  108  8:04  Pylon  
  108  8:16  Templar Archives  
  108  8:17  Gateway  
  108  8:21  Gateway  
  108  8:22  Sentry x3  
  108  8:24  Zealot x3  
  108  8:25  Zealot, Robotics Facility  
  116  8:34  Zealot  
  116  8:35  Zealot  
  116  8:38  Psionic Storm  
  120  8:43  Photon Cannon  
  120  8:44  Photon Cannon  
  120  8:50  Shield Battery, Pylon  
  120  8:53  Shield Battery  
  119  8:56  High Templar x2  
  119  8:57  High Templar x2  
  119  9:01  High Templar x2  
  131  9:05  Fleet Beacon  
  131  9:06  Assimilator  
  131  9:12  Assimilator  
  131  9:14  Immortal  
  136  9:24  Probe x4  
  136  9:25  Pylon  
  139  9:33  Photon Cannon  
  139  9:34  Photon Cannon  
  139  9:38  Protoss Ground Weapons Level 2  
  139  9:39  Probe x4  
  143  9:55  Carrier (Chrono Boost), Protoss Air Weapons Level 1  
  155  10:02  Carrier (Chrono Boost), Observer  
  155  10:05  Carrier (Chrono Boost)  
  162  10:08  Photon Cannon  
  162  10:17  Photon Cannon  
  162  10:18  Photon Cannon  
  159  10:22  High Templar x2  
  159  10:26  Archon  
  163  10:32  Pylon x2  
  163  10:34  Pylon  
  163  10:35  High Templar x2  
  167  10:39  Archon  
  167  10:55  Carrier (Chrono Boost)  
  167  10:57  Carrier (Chrono Boost)  
  173  11:12  High Templar  
  173  11:13  Zealot x8, High Templar  
  173  11:16  Pylon  
  173  11:18  Archon, Pylon  
  193  11:19  Carrier (Chrono Boost)  
  189  11:49  Zealot x5  
  196  12:04  Archon  
  196  12:07  Zealot x5  
  179  12:12  Zealot x3  
  179  12:13  Zealot x2  
Tags
 
Add a new tag
Caveats
  • Supply blocks, unpowered buildings, or Contaminate may cause inaccurate times.
  • Supply counts are checked every 10 seconds.